 Dungeon Crawl Stone Soup version 0.32-a0-981-g384da2ce10 (webtiles) character file.

Game seed: 12279575740682010937

383 petete the Magician (level 6, 0/44 HPs)
             Began as a Vampire Earth Elementalist on Apr 21, 2024.
             Slain by an orc wizard
             ... wielding a +0 dagger
              (3 damage)
             ... on level 3 of the Dungeon.
             The game lasted 00:13:30 (2986 turns).

petete the Magician (Vampire Earth Elementalist)    Turns: 2986, Time: 00:13:31

Health: 0/44       AC:  3    Str:  7    XL:     6   Next: 47%
Magic:  10/12      EV: 10    Int: 19    God:
Gold:   149        SH:  0    Dex: 15    Spells: 2/13 levels left

rFire   . . .        a - +1 dagger (pain)
rCold   . . .        k - +0 buckler
rNeg    . . .        l - +0 robe
rPois   .            (no helmet)
rElec   .            (no cloak)
rCorr   .            (no gloves)
SInv    +            f - +0 pair of boots
Will    .....        (no amulet)
Stlth   +            (no ring)
HPRegen 0.47/turn    (no ring)
MPRegen 0.13/turn

%: no passive effects
@: confused, healing quickly
A: alive, fangs 3, see invisible, vampiric 2
a: Exsanguinate


You were on level 3 of the Dungeon.
You visited 1 branch of the dungeon, and saw 5 of its levels.

You collected 149 gold pieces.

Inventory:

Hand Weapons
 a - a +1 dagger of pain (weapon)
 c - a +0 spear
Missiles
 j - 2 silver javelins
 m - 4 poisoned darts
 o - 4 boomerangs
Armour
 f - a +0 pair of boots (worn)
 k - a +0 buckler (worn)
 l - a +0 robe (worn)
Jewellery
 p - a ring of protection from fire
Scrolls
 g - a scroll of noise {unknown}
 i - 2 scrolls of identify {unknown}
Potions
 b - a potion of magic
 d - a potion of cancellation {unknown}
 e - a potion of curing {unknown}
 h - 3 potions of lignification {unknown}


   Skills:
 - Level 2.0 Fighting
 - Level 1.9 Short Blades
 + Level 0.3 Throwing
 - Level 2.1 Dodging
 - Level 3.0 Stealth
 - Level 1.2 Shields
 - Level 4.2 Spellcasting
 - Level 1.0 Conjurations
 - Level 4.0 Earth Magic
 + Level 2.0 Alchemy


You had 2 spell levels left.
You knew the following spells:

 Your Spells              Type           Power      Damage    Failure   Level
a - Sandblast             Erth           38%        2d10      4%          1
b - Passwall              Erth           19%        N/A       13%         3
c - Stone Arrow           Conj/Erth      26%        3d8       24%         3
d - Petrify               Alch/Erth      15%        N/A       54%         4

Your spell library contained the following spells:

 Spells                   Type           Power      Damage    Failure   Level
 Brom's Barrelling Bould  Conj/Erth      13%        2d4       61%         4
 Passage of Golubria      Tloc           4%         N/A       92%         4
 Silence                  Hex/Air        2%         N/A       99%         5
 Lehudib's Crystal Spear  Conj/Erth      6%         10d3      100%        8


Dungeon Overview and Level Annotations

Branches:
Dungeon (5/15)             Temple (0/1) D:5

Altars:
Ashenzari
Nemelex Xobeh

Shops:
D:1 [


Innate Abilities, Weirdness & Mutations

Your natural rate of healing is accelerated.
You have razor-sharp teeth.
You have supernaturally acute eyesight. (SInv)
You are afflicted with vampirism and can become a bat while bloodless.


Message History

Aim: an orc wizard, wielding a +0 dagger and wearing a +0 robe (heavily wounded, slightly transparent, 47% to hit)
You throw a poisoned dart.
The poisoned dart barely misses the orc wizard.
The orc wizard barely misses you.
Throw: 7 darts (poison)
Press: ? - help, Shift-Dir - straight line, f/p - orc wizard
Aim: an orc wizard, wielding a +0 dagger and wearing a +0 robe (heavily wounded, slightly transparent, 47% to hit)
You throw a poisoned dart.
The poisoned dart barely misses the orc wizard.
You block the orc wizard's attack.
Throw: 6 darts (poison)
Press: ? - help, Shift-Dir - straight line, f/p - orc wizard
Aim: an orc wizard, wielding a +0 dagger and wearing a +0 robe (heavily wounded, slightly transparent, 47% to hit)
You throw a poisoned dart.
The poisoned dart barely misses the orc wizard.
You block the orc wizard's attack.
Throw: 5 darts (poison)
Press: ? - help, Shift-Dir - straight line, f/p - orc wizard
Aim: an orc wizard, wielding a +0 dagger and wearing a +0 robe (heavily wounded, slightly transparent, 47% to hit)
You throw a poisoned dart.
The poisoned dart closely misses the orc wizard.
The orc wizard hits you with a +0 dagger.
* * * LOW HITPOINT WARNING * * *
You closely miss the orc wizard.
The orc wizard is heavily wounded.
The orc wizard gestures at you while chanting.
You are confused.
Unknown command.
The orc wizard attacks as it pursues you!
The orc wizard hits you with a +0 dagger.
* * * LOW HITPOINT WARNING * * *
You bump into the rock wall.
The orc wizard hits you with a +0 dagger.
* * * LOW HITPOINT WARNING * * *
You bump into the rock wall.
The orc wizard hits you with a +0 dagger.
* * * LOW HITPOINT WARNING * * *
The orc wizard attacks as it pursues you!
The orc wizard hits you with a +0 dagger.
You die...

..........###.#########...# #.
...#.#.#....#.# #...# #.
#.#.#.##.# #...# #. #.#.#.<#.#
#...# #. #.#.##.#.# ######...#
#. ####.#....#.####........##
#.
.....####.#..............#####.
.....!..#.######.......#....###
o......)..)(.o@........+....'..
.
.....>..#.#####........#....###
.#####..###.# #........#+######
.....#..# #.# #.........)......
.....#..# #.# #................
.>...#..# #.# #.#######........
.....#..# #.### #.#
####........ .....#..# #.?
..#.# #...........
.....#..#######.#.#
#.###.###...


You could see an orc wizard (invisible).

Vanquished Creatures
  2 scorpions
  A jelly (D:5)
  A gnoll bouda (D:5)
  An iguana (D:5)
  An orc wizard (D:4)
  3 gnolls (D:5)
  3 adders
  2 dart slugs
  A ribbon worm (D:2)
  12 orcs
  8 endoplasms
  3 giant cockroaches
  8 goblins
  4 hobgoblins
  6 jackals (D:2)
  5 quokkas
  5 ball pythons
  3 bats
  2 frilled lizards
  4 kobolds
  3 rats (D:1)
78 creatures vanquished.

Notes
Turn   | Place    | Note
-------+----------+-------------------------------------------
     0 | D:1      | petete the Vampire Earth Elementalist began the quest for
                  | the Orb.
     0 | D:1      | Reached XP level 1. HP: 13/13 MP: 3/3
   207 | D:1      | Found Zaihy's Antique Armour Shop.
   307 | D:1      | Reached XP level 2. HP: 19/19 MP: 1/5
   882 | D:2      | Gained mutation: You are afflicted with vampirism and can
                  | become a bat while bloodless. [Vampire growth]
   882 | D:2      | Reached XP level 3. HP: 22/24 MP: 0/7
   886 | D:2      | Learned a level 3 spell: Passwall
  1030 | D:2      | Learned a level 3 spell: Stone Arrow
  1757 | D:3      | Found a broken altar of Ashenzari.
  1763 | D:3      | Reached skill level 1 in Conjurations
  1763 | D:3      | Reached XP level 4. HP: 30/30 MP: 5/8
  1859 | D:3      | You fall into a shaft and drop 2 floors!
  1859 | D:5      | Entered Level 5 of the Dungeon
  1859 | D:5      | Found a sparkling altar of Nemelex Xobeh.
  1899 | D:5      | Found a staircase to the Ecumenical Temple.
  1926 | D:5      | Reached skill level 1 in Fighting
  2043 | D:5      | Reached XP level 5. HP: 37/37 MP: 4/10
  2048 | D:5      | Learned a level 4 spell: Petrify
  2095 | D:5      | Reached skill level 1 in Shields
  2222 | D:5      | Reached skill level 1 in Short Blades
  2381 | D:4      | Reached skill level 1 in Alchemy
  2381 | D:4      | Reached XP level 6. HP: 43/43 MP: 7/12
  2986 | D:3      | Slain by an orc wizard

Illustrated notes

Levels and vault maps discovered:
D:1:      lemuel_arrival_hallway, layout_loops_ring, serial_shops, shop
D:2:      layout_loops_ring, minivault_19, minmay_misc_feat_rugged,
          minmay_tromino_i2
D:3:      layout_basic, lemuel_crystal_altar
D:4:      layout_gridville, pdpol_temple_overflow_zin_treasury_gozag_greed,
          chequers_serial_rivers_micro_a
D:5:      layout_basic, nemelex_spade_bored_becter,
          minmay_temple_entry_sparse_star, kennysheep_dice, uniq_blork_the_orc

Skill      XL: |  1  2  3  4  5  6 |
---------------+-------------------+-----
Spellcasting   | 3 4 |  4.2
Earth Magic    | 4 |  4.0
Conjurations   | 1 |  1.0
Fighting       | 1 2 |  2.0
Shields        | 1 |  1.2
Short Blades   | 1 |  1.9
Alchemy        | 1 2 |  2.0
Throwing       | |  0.3
Dodging        | |  2.1
Stealth        | |  3.0

Action                     |  1- 3 |  4- 6 || total
---------------------------+-------+-------++-------
  Melee: Spear             |     3 |       ||     3
         Bite              |     1 |     2 ||     3
         Dagger            |       |    13 ||    13
  Throw: Dart              |       |     5 ||     5
         Throwing net      |       |     1 ||     1
   Cast: Sandblast         |    58 |    75 ||   133
 Armour: Robe              |     8 |    39 ||    47
  Dodge: Dodged            |     7 |    19 ||    26
  Block: Buckler           |       |    12 ||    12

Table legend: (Time is in decaauts)
 A = Elapsed time spent in this place.
 B = Non-inter-level travel time spent in this place.
 C = Inter-level travel time spent in this place.
 D = Time resting spent in this place.
 E = Time spent auto-exploring this place.
 F = Levels seen in this place.
 G = Mean time per level.
                   A        B        C        D        E       F      G
               +--------+--------+--------+--------+--------+-----+--------+
         Total |   3050 |   2940 |    110 |     82 |   2264 |   5 |  610.0 |
       Dungeon |   3050 |   2940 |    110 |     82 |   2264 |   5 |  610.0 |
               +--------+--------+--------+--------+--------+-----+--------+

Top non-repeatable levels by time:
     D:2: 876 daAuts
     D:1: 855 daAuts
     D:3: 465 daAuts
     D:4: 446 daAuts
     D:5: 406 daAuts
